 Dungeon Crawl Stone Soup version 0.27.1-15-g792fb953b9 (webtiles) character file.

Game seed: 1541079397965098849

627 Fulminus the Digger (level 7, -2/36 HPs)
             Began as a Gargoyle Earth Elementalist on Nov 18, 2021.
             Was an Initiate of Vehumet.
             Slain by a wyvern (17 damage)
             ... on level 5 of the Dungeon on Nov 19, 2021.
             The game lasted 00:12:08 (5180 turns).

Fulminus the Digger (Gargoyle Earth Elementalist)   Turns: 5180, Time: 00:12:09

Health: -2/36      AC:  6    Str: 12    XL:     7   Next: 48%
Magic:  13/13      EV: 15    Int: 25    God:    Vehumet [......]
Gold:   163        SH:  0    Dex: 10    Spells: 10/14 levels left

rFire    . . .     SeeInvis .   u - +4 war axe of the Last Dreams {vorpal, +Blink Will- Int+8}
rCold    + . .     Faith    .   (no shield)
rNeg     + . .     Spirit   .   b - +0 robe
rPois    ∞         Reflect  .   (no helmet)
rElec    +         Harm     .   (no cloak)
rCorr    .         Rampage  .   (no gloves)
Will     .....                  (no boots)
Stlth    ++........             (no amulet)
HPRegen  0.12/turn              p - +4 ring of evasion
MPRegen  0.13/turn              r - ring of protection from cold

@: no status effects
A: sickness immunity, AC +4, negative energy resistance 1, electricity
resistance, torment resistance 1, petrification resistance
a: Renounce Religion, Evoke Blink


You were on level 5 of the Dungeon.
You worshipped Vehumet.
Vehumet was noncommittal.
You visited 2 branches of the dungeon, and saw 6 of its levels.

You collected 163 gold pieces.

Inventory:

Hand Weapons
 a - a +0 short sword
 e - a +0 spear
 g - a +0 mace of holy wrath
 i - a +1 whip of electrocution
 u - the +4 war axe of the Last Dreams (weapon) {vorpal, +Blink Will- Int+8}
   (You found it on level 5 of the Dungeon)

   It inflicts extra damage upon your enemies.
   Int:       It affects your intelligence (+8).
   +Blink:    It lets you blink.
   Will:      It decreases your willpower.
Missiles
 c - 126 stones
 h - 2 throwing nets
Armour
 b - a +0 robe (worn)
Jewellery
 p - a +4 ring of evasion (left hand)
 r - a ring of protection from cold (right hand)
Wands
 v - a wand of acid (9)
Scrolls
 d - 3 scrolls of identify
 l - a scroll of amnesia
 n - 5 scrolls of teleportation
 o - a scroll of immolation
 s - 2 scrolls of magic mapping {unknown}
 t - a scroll of enchant armour {unknown}
Potions
 f - 2 potions of curing
 j - 2 potions of brilliance
 k - 2 potions of attraction
 m - a potion of mutation
 q - a potion of cancellation {unknown}


   Skills:
 - Level 1.5 Dodging
 - Level 2.1 Stealth
 + Level 4.1 Spellcasting
 + Level 3.8 Conjurations
 - Level 0.7 Transmutations
 + Level 7.6 Earth Magic


You had 10 spell levels left.
You knew the following spells:

 Your Spells              Type           Power      Damage    Failure   Level
a - Sandblast             Erth           86%        2d18      1%          1
b - Stone Arrow           Conj/Erth      66%        3d11      2%          3

Your spell library contained the following spells:

 Spells                   Type           Power      Damage    Failure   Level
 Passwall                 Tmut/Erth      21%        N/A       2%          2
 Animate Skeleton         Necr           10%        N/A       9%          1
 Pain                     Necr           20%        1d5       9%          1
 Petrify                  Tmut/Erth      26%        N/A       16%         4
 Vampiric Draining        Necr           2%         2d6       26%         3


Dungeon Overview and Level Annotations

Branches:
Dungeon (5/15)             Temple (1/1) D:4

Altars:
Ashenzari
Cheibriados
Dithmenos
Elyvilon
Fedhas
Gozag
Hepliaklqana
Kikubaaqudgha
Makhleb
Okawaru
Qazlal
Ru
Sif Muna
Trog
Uskayaw
Vehumet
Wu Jian
Yredelemnul
Zin

Shops:
D:4 *(:**

Annotations:
D:3 Terence


Innate Abilities, Weirdness & Mutations

You are immune to sickness and miasma.
Your stone body is resilient. (AC +4)
You are immune to poison.
You resist negative energy. (rN+)
You are resistant to electric shocks. (rElec)
You are resistant to unholy torment.
You are immune to petrification.


Message History

Your Spellcasting skill increases to level 4!
Magic restored.
An iguana comes into view.
Found 2 potions of brilliance.
An iguana is nearby!
Found 12 gold pieces.
The helpless iguana fails to defend itself.
You slash the iguana!
The iguana is almost dead.
The iguana closely misses you. The iguana bites you.
You hit the iguana but do no damage.
The iguana is almost dead.
The iguana bites you!
You hit the iguana.
You kill the iguana!
Vehumet accepts your kill.
You now have 163 gold pieces (gained 12).
A wyvern comes into view.
Found 10 gold pieces.
An orc priest and an orc wizard come into view.
The orc wizard is wielding a +0 dagger and wearing a +2 robe of positive energy.
The orc priest shouts!
The wyvern hisses angrily.
You hear a shout!
An orc priest comes into view. It is wielding a +0 club.
The orc wizard shouts!
An ufetubus comes into view.
An orc priest comes into view. It is wielding a +0 hand axe.
You hit the wyvern but do no damage. The wyvern completely misses you.
The wyvern misses you. The wyvern bites you!
You barely miss the wyvern.
The wyvern bites you but does no damage.
The wyvern closely misses you.
The orc wizard casts a spell.
The orc wizard flickers and vanishes!
Deactivating autopickup; reactivate with Ctrl-A.
The wyvern hisses menacingly.
The wyvern closely misses you. The wyvern bites you! The wyvern misses you.
The wyvern bites you!
You die...

.# #..# ###>..## #.. .#
#.... ...... ... .#
##.#####...## #.# >#####
#.# #...# #.# .....# #.#
#...#### #.# ####.# #.#
#......###.####.# #.# #.#
#5..##....o....$# #.# #.#
#l#.######........ #.# #.#
#@#.# #..###.## #.# #!#
#.#.# #..# #.# #.# #.#.#
#..# ##.#####.#####.#.#
#oo# #.#....#.......#.####
#o.#
##.###........†........o..
### #################


You could see a wyvern and an ufetubus.

Vanquished Creatures
  Sigmund (D:3)
  A sky beast (D:5)
  An ogre (D:4)
  An orc priest (D:3)
  A jelly (D:4)
  Jessica (D:3)
  Ijyb (D:5)
  An iguana (D:5)
  A hound skeleton (D:5)
  A gnoll (D:1)
  7 adders
  3 worms
  12 orcs
  6 endoplasms
  2 giant cockroaches (D:1)
  7 hobgoblins
  5 jackals
  4 kobolds
  3 quokkas (D:3)
  3 ball pythons
  10 bats
  4 frilled lizards
  2 goblins
  3 rats
81 creatures vanquished.

Vanquished Creatures (others)
  2 plants (D:3)
2 creatures vanquished.

Grand Total: 83 creatures vanquished

Notes
Turn   | Place    | Note
-------+----------+-------------------------------------------
     0 | D:1      | Fulminus the Gargoyle Earth Elementalist began the quest
                  | for the Orb.
     0 | D:1      | Reached XP level 1. HP: 10/10 MP: 3/3
   158 | D:1      | Reached skill level 4 in Earth Magic
   158 | D:1      | Reached XP level 2. HP: 15/15 MP: 1/5
   831 | D:1      | Found a faded altar of an unknown god.
   845 | D:1      | Reached XP level 3. HP: 19/19 MP: 6/6
  1090 | D:1      | Learned a level 3 spell: Stone Arrow
  1337 | D:2      | Reached skill level 5 in Earth Magic
  1503 | D:2      | Reached XP level 4. HP: 23/24 MP: 7/7
  1627 | D:2      | Reached skill level 1 in Conjurations
  2748 | D:3      | Reached XP level 5. HP: 28/28 MP: 9/9
  2770 | D:3      | Noticed Terence
  2789 | D:3      | Noticed Jessica
  2862 | D:3      | Noticed Sigmund
  2869 | D:3      | Killed Sigmund
  2870 | D:3      | Reached skill level 6 in Earth Magic
  2870 | D:3      | Reached XP level 6. HP: 20/32 MP: 0/11
  2988 | D:2      | Upgraded the game from 0.27.1-4-g1640c2035a to
                  | 0.27.1-15-g792fb953b9
  3473 | D:3      | Found a shadowy altar of Dithmenos.
  3583 | D:3      | Killed Jessica
  3792 | D:4      | Found Vutoasu's Assorted Antiques.
  3804 | D:4      | Found a hazy altar of Hepliaklqana.
  3828 | D:4      | Reached skill level 7 in Earth Magic
  3879 | D:4      | Found an iron altar of Okawaru.
  3915 | D:4      | Found a staircase to the Ecumenical Temple.
  3936 | D:5      | Entered Level 5 of the Dungeon
  3954 | Temple   | Entered the Ecumenical Temple
  4045 | Temple   | Became a worshipper of Vehumet
  4069 | D:4      | Reached XP level 7. HP: 36/36 MP: 12/12
  4141 | D:4      | Found Geppuwod's Book Shop.
  4242 | D:4      | Found Xegoem's Antique Weapon Emporium.
  4267 | D:4      | Found Aradaw's Assorted Antiques.
  4645 | D:4      | Found Tuobriomo's Assorted Antiques.
  4697 | D:5      | Identified the +4 war axe of the Last Dreams {vorpal,
                  | +Blink Will- Int+8}
  4715 | D:5      | Noticed Ijyb
  4718 | D:5      | Killed Ijyb
  5166 | D:5      | Noticed a wyvern
  5180 | D:5      | Slain by a wyvern

Illustrated notes

Levels and vault maps discovered:
D:1:      amcnicky_arrival_single_pillar, layout_basic,
          chequers_ecumenical_altar_simple_redux, hangedman_decor_push,
          serial_bayou_ford_a
D:2:      layout_loops_ring
D:3:      layout_basic, marbit_many_paths, serial_bayou_pond_e, minivault_19,
          uniq_jessica, uniq_sigmund, uniq_terence
D:4:      layout_basic, mainiacjoe_overflow_large_starburst,
          minmay_temple_entry_wispy, serial_shops, shop, shop, shop,
          nicolae_lakefront_shop, nicolae_lakefront_shop
D:5:      layout_loops_ring, doesnt_xom_only_xom, mainiacjoe_overflow_catwalk,
          uniq_ijyb
Temple:   lightli_temple_of_artemis

Skill      XL: |  1  2  3  4  5  6  7 |
---------------+----------------------+-----
Earth Magic    | 4 5 6 7 |  7.6
Conjurations   | 1 2 3 |  3.8
Spellcasting   | 3 4 |  4.1
Dodging        | |  1.5
Stealth        | |  2.1
Transmutations | |  0.7

Action                   |  1- 3 |  4- 6 |  7- 9 || total
-------------------------+-------+-------+-------++-------
Melee: Unarmed           |     5 |       |       ||     5
       Spear             |    29 |       |       ||    29
       Mace              |    32 |       |       ||    32
       Whip              |    32 |   100 |    30 ||   162
       War axe           |       |       |     5 ||     5
 Cast: Sandblast         |     9 |    26 |     4 ||    39
       Stone Arrow       |       |     2 |     3 ||     5
  Use: Scroll            |       |     7 |       ||     7
 Stab: Sleeping          |     3 |     6 |     4 ||    13
Armor: Robe              |    42 |    43 |     7 ||    92
Dodge: Dodged            |    80 |    59 |    35 ||   174
